 Dungeon Crawl Stone Soup version 0.23.0 (console) character file.

Game seed: 3192038235240917143

79277 vogonpoet the Unseen (level 15, -15/108 HPs)
             Began as an Octopode Earth Elementalist on Feb 14, 2019.
             Was the Champion of Ashenzari.
             Killed from afar by a shock serpent (23 damage)
             ... with a bolt of electricity
             ... on level 2 of the Snake Pit on Feb 15, 2019.
             The game lasted 02:14:47 (29813 turns).

vogonpoet the Unseen (Octopode Earth Elementalist) Turns: 29813, Time: 02:14:48

Health: -15/108    AC: 10    Str:  9    XL:     15   Next: 63%
Magic:  36/38      EV: 23    Int: 23    God:    Ashenzari [******]
Gold:   958        SH:  5    Dex: 12    Spells: 4/34 levels left

rFire    + + .     SeeInvis +   g - +5 dagger (pierce) (curse)
rCold    + . .     Gourm    .   i - +0 buckler (curse)
rNeg     . . .     Faith    .   F - +2 hat (curse)
rPois    +         Spirit   .   x - amulet of rage
rElec    .         Reflect  .   f - ring of attention (curse)
rCorr    .         Harm     .   j - +4 ring of protection (curse)
MR       ++...     Clarity  +   H - ring "Totsestra" {rPois MR+ MP+9} (curse)
Stlth    +++++++...             N - +3 ring of protection (curse)
HPRegen  0.28/turn              d - ring of protection from cold (curse)
MPRegen  0.26/turn              I - ring of protection from fire (curse)
                                O - ring of protection from fire
                                (no ring)

@: very slightly contaminated
A: almost no armour, stealthy swim, amphibious, 8 rings, constrict 8, camouflage
1, gelatinous body 1
a: Curse Item, Scrying, Transfer Knowledge, Renounce Religion, Evoke Berserk
Rage


You were on level 2 of the Snake Pit.
You worshipped Ashenzari.
Ashenzari was exalted by your worship.
You were not hungry.

You visited 7 branches of the dungeon, and saw 28 of its levels.
You also visited: Volcano.

You collected 2258 gold pieces.
You spent 1300 gold pieces at shops.

Inventory:

Hand Weapons
 a - a +0 blowgun
 g - a cursed +5 dagger of piercing (weapon)
 E - a +2 rapier of flaming
Missiles
 b - 546 stones
 n - 2 throwing nets
 u - 126 poisoned needles
 G - 31 tomahawks (quivered)
 L - 16 curare-tipped needles
Armour
 i - a cursed +0 buckler (worn)
 F - a cursed +2 hat (worn)
Magical Staves
 U - an uncursed staff of cold
Jewellery
 d - a cursed ring of protection from cold (on tentacle)
 f - a cursed ring of attention (left tentacle)
 j - a cursed +4 ring of protection (right tentacle)
 q - an uncursed amulet of guardian spirit
 x - an amulet of rage (around mantle)
 H - the cursed ring "Totsestra" (on tentacle) {rPois MR+ MP+9}
   (You found it on level 8 of the Dungeon)

   [ring of protection from magic]

   It protects you from poison.
   It affects your resistance to hostile enchantments.
   It affects your magic capacity (+9).
   It has a curse placed upon it.
 I - a cursed ring of protection from fire (on tentacle)
 N - a cursed +3 ring of protection (on tentacle)
 O - a ring of protection from fire (on tentacle)
Wands
 l - a wand of disintegration (16)
 m - a wand of enslavement (7)
 s - a wand of iceblast (8)
 A - a wand of acid (5)
 B - a wand of clouds (4)
 C - a wand of paralysis (20)
 P - a wand of flame (25)
 W - a wand of polymorph (10)
Scrolls
 e - 3 scrolls of immolation
 r - 5 scrolls of blinking
 v - 12 scrolls of teleportation
 y - 11 scrolls of remove curse
 D - 3 scrolls of magic mapping
 K - 3 scrolls of fear
 V - 5 scrolls of identify
Potions
 h - 2 potions of resistance
 k - 3 potions of lignification
 o - 2 potions of ambrosia
 p - 2 potions of haste
 t - 6 potions of curing
 w - a potion of might
 z - 2 potions of flight
 J - 3 potions of heal wounds
 Q - a potion of magic
 R - 2 potions of cancellation
 T - a potion of brilliance
 X - 4 potions of agility
 Z - 2 potions of invisibility
Comestibles
 c - 28 rations
 M - a chunk of flesh


   Skills:
 - Level 12.0 Fighting
 - Level 6.2(10.7) Short Blades
 - Level 12.9(17.0) Dodging
 - Level 15.3(19.3) Stealth
 - Level 2.3(4.7) Shields
 + Level 10.1 Spellcasting
 - Level 3.2(5.9) Conjurations
 - Level 6.2(9.3) Hexes
 + Level 3.2(5.9) Necromancy
 - Level 1.0(2.7) Transmutations
 - Level 1.8(4.0) Ice Magic
 - Level 10.0(12.8) Earth Magic
 - Level 3.0(5.6) Evocations


You had 4 spell levels left.
You knew the following spells:

 Your Spells              Type           Power        Failure   Level  Hunger
a - Sandblast             Erth           ######       1%          1    None
b - Ensorcelled Hibernat  Hex/Ice        #####.       1%          2    None
c - Confuse               Hex            ######..     1%          3    None
d - Tukima's Dance        Hex            ######..     1%          3    None
e - Dazzling Spray        Conj/Hex       #####.       1%          3    None
f - Stone Arrow           Conj/Erth      ######       1%          3    None
g - Regeneration          Chrm/Necr      ####......   4%          3    None
r - Lee's Rapid Deconstr  Erth           ######....   1%          5    ####...
v - Borgnjor's Vile Clut  Necr/Erth      ######....   3%          5    ####...
w - Passwall              Tmut/Erth      #####...     1%          2    None

Your spell library contained the following spells:

 Spells                   Type           Power        Failure   Level  Hunger
 Animate Skeleton         Necr           N/A          1%          1    None
 Beastly Appendage        Tmut           ###...       1%          1    None
 Confusing Touch          Hex            ######       1%          1    None
 Corona                   Hex            ######.      1%          1    None
 Magic Dart               Conj           ####         1%          1    None
 Pain                     Necr           ####         1%          1    None
 Searing Ray              Conj           #####.       1%          2    None
 Slow                     Hex            ######..     1%          2    None
 Vampiric Draining        Necr           #####.....   1%          3    None
 Cause Fear               Hex            ######....   1%          4    #......
 Leda's Liquefaction      Hex/Erth       ######....   1%          4    #......
 Sticks to Snakes         Tmut           ###.....     2%          2    None
 Inner Flame              Hex/Fire       ####....     2%          3    None
 Portal Projectile        Hex/Tloc       ####..       2%          3    None
 Fulminant Prism          Conj/Hex       #####.....   2%          4    #......
 Petrify                  Tmut/Erth      #####...     2%          4    #......
 Animate Dead             Necr           N/A          4%          4    #......
 Iskenderun's Mystic Bla  Conj           #####...     4%          4    #......
 Spider Form              Tmut/Pois      ###.......   9%          3    None
 Gell's Gravitas          Tloc           ##........   14%         3    None
 Ice Form                 Ice/Tmut       ####....     14%         4    #......
 Force Lance              Conj/Tloc      ####....     16%         4    #......
 Metabolic Englaciation   Hex/Ice        #####.....   10%         5    ####...
 Yara's Violent Unravell  Hex/Tmut       #####.....   13%         5    ####...
 Darkness                 Hex            ######....   19%         6    ######.
 Silence                  Hex/Air        ####......   22%         5    ####...
 Blade Hands              Tmut           ###.......   45%         5    ####...
 Shadow Creatures         Summ           N/A          100%        6    ######.


Dungeon Overview and Level Annotations

Branches:
Dungeon (15/15)            Temple (1/1) D:7            Lair (6/6) D:10
  Swamp (0/4) Lair:2        Snake (2/4) Lair:3        Slime (0/5) Lair:5
    Orc (2/2) D:12            Elf (1/3) Orc:2        Vaults (0/5) D:13
 Depths (1/5) D:15

Altars:
Ashenzari
Cheibriados
Dithmenos
Elyvilon
Fedhas
Gozag
Hepliaklqana
Kikubaaqudgha
Makhleb
Nemelex Xobeh
Okawaru
Qazlal
Ru
Sif Muna
Trog
Uskayaw
Vehumet
Wu Jian
Xom
Yredelemnul
Zin
The Shining One
Jiyva

Shops:
D:4 :   Orc:2 %%

Annotations:
Orc:2 Donald


Innate Abilities, Weirdness & Mutations

You cannot wear most types of armour.
You are very stealthy in the water. (Stealth+)
You are amphibious.
You can wear up to eight rings at the same time.
You can use your tentacles to constrict eight enemies at once.
Your skin changes colour to match your surroundings (Stealth+).
Your rubbery body absorbs attacks. (AC +1, EV +1)


Message History

The splash of poison misses you.
The shock serpent shoots out a bolt of lightning at you!
The bolt of electricity misses you. The shock serpent bites you!
The shock serpent shocks you! The shock serpent misses you.
The shock serpent shoots out a bolt of lightning at you!
The bolt of electricity misses you. The shock serpent bites you!
The shock serpent shocks you!
* * * LOW HITPOINT WARNING * * *
The shock serpent bites you!
* * * LOW HITPOINT WARNING * * *
The shock serpent shocks you!
* * * LOW HITPOINT WARNING * * *
Blink to where?
Press: ? - help, Dir - move target cursor, p - anaconda You are very lightly contaminated with residual magic.
As you read the scroll of blinking, it crumbles to dust.
The shock serpent shoots out a bolt of lightning at you!
The bolt of electricity hits you!!
You die...

*#### ###### ###...## **
###.##.## ####......##* *
**,
...#..#.####....@.....# ,
* , ,
...#####..##..........##,*
,, ..## ###..............
* , ,, ..#
###....)......... ,, , ,
#.# ####SS....###.......,
,,, ,
#.###.........#**#.###..
,,,,
##.#.S.S.............* .,,
##.S...>.............. ,*
*,,*
...S..................#,,
, ,,


You could see a shock serpent.

Vanquished Creatures
  Rupert (Orc:1)
  A nagaraja (Snake:1)
  A spark wasp (Depths:1)
  2 naga warriors (Snake:1)
  2 ice dragons (D:15)
  2 hydras
  A death knight (D:15)
  A catoblepas (Lair:5)
  3 two-headed ogres
  A dancing weapon (Elf:1)
  3 centaur warriors
  A death yak (Lair:2)
  2 shock serpents
  2 naga sharpshooters (Snake:1)
  Sonja (D:13)
  A sun demon (Volcano)
  A hell knight (Volcano)
  A deep elf knight (Elf:1)
  An unseen horror (D:13)
  2 orc knights
  A wizard (D:15)
  A phantasmal warrior (D:15)
  An obsidian statue (Volcano)
  3 deep elf magi
  A mana viper (Snake:1)
  18 ugly things
  3 cyclopes
  6 black mambas
  5 elephants (Lair:4)
  3 manticores
  7 spiny frogs
  2 naga magi (Snake:1)
  A torpor snail (Lair:2)
  A yaktaur (D:15)
  3 kobold demonologists
  3 komodo dragons (Lair:1)
  2 ice devils (Orc:2)
  A red devil (Volcano)
  4 freezing wraiths
  A polar bear (Lair:1)
  A hornet (D:8)
  A harpy zombie (D:14)
  13 blink frogs
  7 slime creatures
  4 trolls
  A bog body (Lair:2)
  4 hippogriffs
  Sigmund (D:5)
  A spriggan (D:8)
  3 shadows
  2 water elementals (D:15)
  4 fire bats (Volcano)
  A wraith (D:15)
  A wyvern (Lair:4)
  39 yaks
  2 basilisks
  7 fire elementals
  16 humans
  A hungry ghost (D:10)
  17 vampire mosquitoes
  3 wargs (D:10)
  11 nagas
  3 swamp worms (Lair:2)
  A soldier ant (D:14)
  7 water moccasins
  2 hell hounds
  An acid dragon (D:14)
  7 porcupines
  12 orc warriors
  4 ice beasts
  4 sky beasts
  A hornet zombie (D:13)
  A phantom (D:10)
  3 black bears
  2 necrophages
  11 ogres
  4 boggarts
  9 wolves
  12 centaurs
  8 crocodiles
  2 big kobolds (D:14)
  15 bullfrogs
  An earth elemental (D:13)
  A wyvern skeleton (D:14)
  A hornet simulacrum (D:14)
  4 scorpions
  7 killer bees
  3 electric eels
  3 wights (D:8)
  3 howler monkeys (D:13)
  3 lava snakes (Volcano)
  2 centaur zombies
  9 crimson imps
  A quasit (D:11)
  Crazy Yiuf (D:6)
  3 jellies
  10 orc priests
  10 hounds
  6 centaur skeletons
  4 bullfrog skeletons
  13 orc wizards
  Jessica (D:2)
  4 iguanas
  Natasha (thrice) (D:2)
  5 worker ants
  2 hound zombies
  A howler monkey skeleton (D:8)
  6 gnolls
  10 adders
  2 shadow imps
  3 oozes
  2 adder skeletons
  An adder zombie (D:5)
  6 worms
  A dart slug (D:5)
  7 leopard geckos
  53 orcs
  5 giant cockroaches
  9 goblins
  7 hobgoblins
  9 jackals
  19 kobolds
  5 quokkas
  A ball python (D:3)
  A bat (D:2)
  6 frilled lizards
  A jackal zombie (D:8)
  A leopard gecko zombie (D:5)
  A quokka skeleton (D:5)
  2 quokka zombies
  5 rats
610 creatures vanquished.

Vanquished Creatures (collateral kills)
  Azrael (D:15)
  A two-headed ogre (D:13)
  An orc knight (Orc:2)
  7 orc warriors
  5 orc priests
  4 orcs (Orc:2)
19 creatures vanquished.

Vanquished Creatures (others)
  A centaur zombie (D:15)
  An air elemental (D:13)
  13 dancing weapons
  2 water elementals
  A warg (D:15)
  A jelly (D:15)
  2 lava snakes (Volcano)
  An orc (D:15)
  6 fungi
  3 plants
31 creatures vanquished.

Grand Total: 660 creatures vanquished

Notes
Turn   | Place    | Note
-------+----------+-------------------------------------------
     0 | D:1      | vogonpoet the Octopode Earth Elementalist began the quest
                  | for the Orb.
     0 | D:1      | Reached XP level 1. HP: 11/11 MP: 3/3
   154 | D:1      | Reached XP level 2. HP: 17/17 MP: 5/5
   619 | D:1      | Learned a level 2 spell: Passwall
   770 | D:1      | Reached XP level 3. HP: 19/21 MP: 6/6
   777 | D:1      | Learned a level 3 spell: Stone Arrow
  1207 | D:1      | Reached XP level 4. HP: 23/27 MP: 3/7
  1420 | D:2      | Found an ornate altar of the Wu Jian Council.
  1437 | D:2      | Noticed Jessica
  1445 | D:2      | Killed Jessica
  1445 | D:2      | Reached skill level 5 in Earth Magic
  1445 | D:2      | Reached XP level 5. HP: 31/31 MP: 4/9
  1467 | D:2      | Noticed Natasha
  1484 | D:2      | Killed Natasha
  1560 | D:2      | Noticed Natasha
  1562 | D:2      | Killed Natasha
  1801 | D:2      | Noticed Natasha
  1809 | D:2      | Killed Natasha
  1843 | D:3      | Reached XP level 6. HP: 23/36 MP: 6/11
  2228 | D:3      | Found a glowing silver altar of Zin.
  2458 | D:4      | Noticed a sky beast
  2464 | D:4      | Killed a sky beast
  2631 | D:4      | Found Zomamaamm's Book Shoppe.
  2672 | D:4      | Reached XP level 7. HP: 41/41 MP: 4/14
  2716 | D:4      | Found a shadowy altar of Dithmenos.
  3199 | D:4      | Learned a level 5 spell: Lee's Rapid Deconstruction
  3652 | D:4      | Found a burning altar of Makhleb.
  3693 | D:5      | Entered Level 5 of the Dungeon
  3770 | D:5      | Reached skill level 3 in Stealth
  3796 | D:5      | Reached skill level 1 in Short Blades
  3937 | D:5      | Noticed Sigmund
  3991 | D:5      | Found Tixavito's Antique Armour Shop.
  4010 | D:5      | Reached XP level 8. HP: 43/46 MP: 11/15
  4137 | D:5      | Killed Sigmund
  4695 | D:6      | Reached skill level 4 in Stealth
  5005 | D:6      | Found a runed translucent door.
  5006 | D:6      | Noticed Crazy Yiuf
  5011 | D:6      | Killed Crazy Yiuf
  5275 | D:7      | Reached XP level 9. HP: 48/51 MP: 10/16
  5344 | D:7      | Found a blossoming altar of Fedhas.
  5356 | D:7      | Found a white marble altar of Elyvilon.
  5648 | D:7      | Found a staircase to the Ecumenical Temple.
  5655 | Temple   | Entered the Ecumenical Temple
  5664 | Temple   | Became a worshipper of Ashenzari the Shackled
  5933 | D:7      | Reached skill level 5 in Stealth
  5933 | D:7      | Reached skill level 10 in Earth Magic
  6126 | D:8      | Reached skill level 6 in Stealth
  6129 | D:8      | Noticed a hornet
  6134 | D:8      | Killed a hornet
  6134 | D:8      | Reached skill level 5 in Short Blades
  6228 | D:8      | Identified the ring "Totsestra" {rPois MR+ MP+9}
  6233 | D:8      | Reached skill level 7 in Stealth
  6861 | D:9      | Reached skill level 8 in Stealth
  7211 | D:9      | Noticed a two-headed ogre
  7221 | D:9      | Killed a two-headed ogre
  7221 | D:9      | Reached skill level 5 in Dodging
  7221 | D:9      | Reached XP level 10. HP: 24/56 MP: 13/17
  7357 | D:4      | Bought a book of Maledictions for 325 gold pieces
  7362 | D:4      | Learned a level 3 spell: Tukima's Dance
  7590 | D:9      | Reached * piety under Ashenzari
  7762 | D:9      | Found a snail-covered altar of Cheibriados.
  7893 | D:10     | Entered Level 10 of the Dungeon
  7895 | D:10     | Reached skill level 1 in Hexes
  7961 | D:10     | Learned a level 3 spell: Confuse
  7974 | D:10     | Reached skill level 5 in Spellcasting
  8090 | D:10     | Identified the +1 ring mail of the Hall of Blades {MR+
                  | Int+2 SInv}
  8856 | D:10     | Found a staircase to the Lair.
  8874 | D:10     | Reached skill level 5 in Hexes
  8971 | D:10     | Reached XP level 11. HP: 50/61 MP: 21/21
  9344 | D:11     | Noticed a two-headed ogre
  9350 | D:11     | Killed a two-headed ogre
  9661 | D:11     | Reached ** piety under Ashenzari
  9787 | D:11     | Reached skill level 1 in Fighting
 10517 | D:12     | Learned a level 2 spell: Ensorcelled Hibernation
 10833 | D:12     | Found a staircase to the Orcish Mines.
 11207 | D:12     | Noticed a green ugly thing
 11207 | D:12     | Killed a green ugly thing
 11460 | D:12     | Noticed a cyclops
 11494 | D:12     | Killed a cyclops
 11767 | D:13     | Found a gate to the Vaults.
 11767 | D:13     | Noticed a centaur warrior
 11767 | D:13     | Noticed an orc knight
 11767 | D:13     | Noticed a two-headed ogre
 11822 | D:13     | Noticed Sonja
 12177 | Lair:1   | Entered Level 1 of the Lair of Beasts
 12184 | Lair:1   | Reached skill level 1 in Ice Magic
 12375 | Lair:1   | Reached *** piety under Ashenzari
 12651 | Lair:1   | Reached skill level 5 in Fighting
 12659 | Lair:1   | Reached XP level 12. HP: 77/77 MP: 13/24
 13310 | Lair:2   | Found a staircase to the Swamp.
 13345 | Lair:2   | Noticed a death yak
 13378 | Lair:2   | Killed a death yak
 13386 | Lair:2   | Learned a level 3 spell: Dazzling Spray
 13531 | Lair:2   | Noticed a seven-headed hydra
 13592 | Lair:2   | HP: 3/82 [seven-headed hydra (13)]
 13599 | Lair:2   | Killed a seven-headed hydra
 14221 | Lair:2   | Reached **** piety under Ashenzari
 14433 | Lair:3   | Found a staircase to the Snake Pit.
 14434 | Lair:3   | Reached skill level 1 in Shields
 15595 | Lair:3   | Noticed an eight-headed hydra
 15602 | Lair:3   | Killed an eight-headed hydra
 15790 | Snake:1  | Entered Level 1 of the Snake Pit
 15790 | Snake:1  | Noticed a shock serpent
 15982 | Lair:4   | Reached skill level 10 in Dodging
 16016 | Lair:4   | Found a dark tunnel.
 16021 | Volcano  | Entered a volcano
 16224 | Volcano  | Found a burning altar of Makhleb.
 16369 | Volcano  | Reached XP level 13. HP: 88/88 MP: 25/25
 16739 | Volcano  | Identified a scroll of acquirement
 17213 | Lair:4   | Reached ***** piety under Ashenzari
 19018 | Lair:5   | Found a viscous altar of Jiyva.
 19019 | Lair:5   | Found a staircase to the Slime Pits.
 19317 | Lair:6   | Entered Level 6 of the Lair of Beasts
 19689 | D:13     | Killed Sonja
 19929 | D:13     | Reached skill level 10 in Fighting
 20098 | D:13     | Reached XP level 14. HP: 85/99 MP: 12/26
 20520 | D:13     | Found a large runed translucent door.
 20521 | D:13     | Found a large runed translucent door.
 21757 | D:14     | Reached skill level 1 in Evocations
 22128 | D:14     | Reached skill level 9 in Stealth
 22628 | D:14     | Reached skill level 10 in Stealth
 22822 | D:15     | Entered Level 15 of the Dungeon
 22844 | D:14     | Reached skill level 11 in Stealth
 22914 | D:15     | Reached ****** piety under Ashenzari
 23279 | D:15     | Reached skill level 12 in Stealth
 23648 | D:15     | Reached skill level 13 in Stealth
 24010 | D:15     | Noticed Azrael
 24078 | D:15     | Killed Azrael
 24281 | D:15     | Reached XP level 15. HP: 108/108 MP: 27/27
 24300 | D:15     | Reached skill level 14 in Stealth
 24436 | Orc:1    | Entered Level 1 of the Orcish Mines
 24623 | Orc:2    | Entered Level 2 of the Orcish Mines
 24685 | Orc:2    | Found a staircase to the Elven Halls.
 24734 | Elf:1    | Entered Level 1 of the Elven Halls
 25091 | Orc:2    | Noticed Rupert
 25138 | Orc:1    | HP: 4/108 [Rupert (23)]
 25822 | D:15     | Found a staircase to the Depths.
 25829 | D:15     | Reached skill level 15 in Stealth
 26271 | D:4      | Bought a book of Dreams for 975 gold pieces
 26279 | D:4      | Learned a level 5 spell: Borgnjor's Vile Clutch
 26610 | D:13     | Reached skill level 1 in Necromancy
 26845 | Orc:1    | Killed Rupert
 28063 | Orc:2    | Found Oteneext's Food Emporium.
 28066 | Orc:2    | Found Piky's Food Shoppe.
 28159 | Orc:2    | Noticed Donald
 28382 | Depths:1 | Entered Level 1 of the Depths
 28667 | Snake:1  | Noticed a nagaraja
 28740 | Snake:1  | Killed a nagaraja
 29404 | Snake:1  | Learned a level 3 spell: Regeneration
 29649 | Snake:1  | Reached skill level 10 in Spellcasting
 29813 | Snake:2  | Killed from afar by a shock serpent

Skill      XL: |  1  2  3  4  5  6  7  8  9 10 11 12 13 14 15 |
---------------+----------------------------------------------+-----
Earth Magic    | 4 5 6 7 9 10 | 10.0
Spellcasting   | 3 4 7 8 10 | 10.1
Stealth        | 3 4 8 13 15 | 15.3
Short Blades   | 1 3 6 |  6.2
Dodging        | 5 7 10 12 | 12.9
Hexes          | 5 6 |  6.2
Fighting       | 5 8 10 12 | 12.0
Ice Magic      | 1 |  1.8
Conjurations   | 3 |  3.2
Shields        | 2 |  2.3
Evocations     | 3 |  3.0
Necromancy     | 3 |  3.2
Transmutations | |  1.0

Action                   |  1- 3 |  4- 6 |  7- 9 | 10-12 | 13-15 || total
-------------------------+-------+-------+-------+-------+-------++-------
Melee: Dagger            |    63 |    71 |   161 |   257 |   705 ||  1257
       Constrict         |    13 |    21 |    41 |    27 |    86 ||   188
       Tentacles         |     8 |    11 |    18 |    43 |    95 ||   175
Throw: Stone             |     4 |       |       |       |       ||     4
       Tomahawk          |       |       |       |     4 |    31 ||    35
 Cast: Sandblast         |    13 |    32 |    67 |    81 |    92 ||   285
       Stone Arrow       |       |     9 |    15 |     7 |    11 ||    42
       Lee's Rapid Decon |       |       |     9 |    24 |    27 ||    60
       Confuse           |       |       |       |    55 |   136 ||   191
       Tukima's Dance    |       |       |       |    10 |    50 ||    60
       Ensorcelled Hiber |       |       |       |    60 |   145 ||   205
       Passwall          |       |       |       |     8 |    15 ||    23
       Dazzling Spray    |       |       |       |       |    26 ||    26
       Borgnjor's Vile C |       |       |       |       |     8 ||     8
       Regeneration      |       |       |       |       |     3 ||     3
Invok: Curse Item        |       |       |     4 |     2 |     2 ||     8
       Scrying           |       |       |       |       |     1 ||     1
  Use: Scroll            |       |       |     9 |     7 |    17 ||    33
       Potion            |       |       |       |     1 |     1 ||     2
 Stab: Sleeping          |     2 |     4 |     8 |    58 |   118 ||   190
       Confused          |       |       |       |    27 |    71 ||    98
       Invisible         |       |       |       |       |     7 ||     7
       Distracted        |       |       |       |       |     1 ||     1
  Eat: Chunk             |     1 |     5 |    14 |    29 |    32 ||    81
       Ration            |       |       |     1 |     2 |     5 ||     8
Armor: Skin              |    13 |    20 |    48 |    47 |    90 ||   218
Dodge: Dodged            |    45 |    49 |   132 |   200 |   515 ||   941
Block: Buckler           |       |       |       |    14 |   112 ||   126
